 Dungeon Crawl Stone Soup version 0.28.0-47-ge53b351184 (webtiles) character file.

Game seed: 4724409162797981291

649 GigaChad the Covered (level 7, -1/61 HPs)
             Began as a Minotaur Fighter on May 4, 2022.
             Was a Believer of Kikubaaqudgha.
             Slain by an ogre
             ... wielding a +0 giant club
              (4 damage)
             ... on level 4 of the Dungeon.
             The game lasted 00:09:30 (4158 turns).

GigaChad the Covered (Minotaur Fighter)             Turns: 4158, Time: 00:09:30

Health: -1/61      AC: 10    Str: 21    XL:     7   Next: 28%
Magic:  15/15      EV:  6    Int:  5    God:    Kikubaaqudgha [**....]
Gold:   162        SH: 13    Dex: 13    Spells: 6/6 levels left

rFire   . . .      SeeInvis .   a - +0 long sword
rCold   . . .      Faith    .   r - +0 tower shield
rNeg    . . .      Spirit   .   e - +0 chain mail
rPois   .          Reflect  .   (helmet restricted)
rElec   .          Harm     .   (no cloak)
rCorr   .          Rampage  .   (no gloves)
Will    +....      Rnd*Tele +   (no boots)
Stlth   ..........              (no amulet)
HPRegen 0.20/turn               g - ring of magical power
MPRegen 0.14/turn               (no ring)

@: no status effects
A: horns 2, retaliatory headbutt, agile 1, strong-willed 1, teleportitis 1,
sturdy frame 1
a: Renounce Religion, Receive Corpses


You were on level 4 of the Dungeon.
You worshipped Kikubaaqudgha.
Kikubaaqudgha was pleased with you.
You visited 1 branch of the dungeon, and saw 4 of its levels.

You collected 162 gold pieces.

Inventory:

Hand Weapons
 a - a +0 long sword (weapon)
 o - a +0 scythe of venom
Missiles
 j - 23 arrows
Armour
 b - a +0 scale mail
 c - a +0 buckler
 e - a +0 chain mail (worn)
 p - a +2 robe
 r - a +0 tower shield (worn)
Magical Staves
 i - a staff of poison
Jewellery
 g - a ring of magical power (left hand)
 k - a ring of protection from cold
Wands
 l - a wand of charming (1)
Scrolls
 h - a scroll of fear {unknown}
 n - a scroll of enchant armour {unknown}
 q - a scroll of summoning {unknown}
 s - a scroll of vulnerability {unknown}
 t - a scroll of acquirement {unknown}
Potions
 d - a potion of might
 f - a potion of magic {unknown}
 m - a potion of lignification {unknown}


   Skills:
 + Level 5.3 Fighting
 + Level 5.9 Long Blades
 + Level 6.2 Armour
 + Level 2.0 Dodging
 + Level 0.2 Stealth
 + Level 5.0 Shields


You had 6 spell levels left.
You didn't know any spells.
Your spell library contained the following spells:

 Spells                   Type           Power      Damage    Failure   Level
 Animate Skeleton         Necr           0%         N/A       100%        1
 Pain                     Necr           0%         1d4       100%        1
 Corpse Rot               Necr/Air       0%         N/A       100%        2
 Conjure Flame            Conj/Fire      0%         6-21      100%        3
 Ignite Poison            Fire/Tmut/Pois 0%         N/A       100%        3
 Vampiric Draining        Necr           0%         2d6       100%        3
 Sticky Flame             Conj/Fire      0%         2d3       100%        4


Dungeon Overview and Level Annotations

Branches:
Dungeon (4/15)
 Temple: D:4-7

Altars:
Kikubaaqudgha


Innate Abilities, Weirdness & Mutations

You have a pair of horns on your head.
You reflexively headbutt those who attack you in melee.
You are agile. (Dex +2)
You are strong-willed. (Will+)
You are occasionally teleported next to monsters.
Your movements are slightly less encumbered by armour. (ER -2)


Message History

The phantom is moderately damaged.
The phantom hits you but does no damage.
You block the ogre's attack.
You hit the phantom but do no damage.
The phantom is moderately damaged.
You block the phantom's attack. The ogre hits you with a +0 giant club.
The phantom hits you but does no damage.
You barely miss the phantom. Your headbutt misses the phantom.
The phantom is moderately damaged.
You block the ogre's attack. The phantom hits you.
The phantom blinks!
You blink.
You hit the phantom but do no damage.
The phantom is moderately damaged.
You block the phantom's attack. The phantom hits you.
The ogre hits you with a +0 giant club!!
* * * LOW HITPOINT WARNING * * *
You closely miss the phantom.
The phantom is moderately damaged.
You block the phantom's attack. You block the ogre's attack.
You slash the phantom! You headbutt the phantom.
The phantom is severely damaged.
The phantom hits you.
* * * LOW HITPOINT WARNING * * *
The phantom blinks!
You blink.
You block the phantom's attack. The phantom hits you.
* * * LOW HITPOINT WARNING * * *
The phantom blinks!
You blink.
You block the phantom's attack.
There are monsters nearby!
There are monsters nearby!
There are monsters nearby!
Aiming: Charm
Press: ? - help, Shift-Dir - straight line, f - phantom
Aim: a phantom (severely damaged, chance to affect: 31%)
The phantom easily resists.
You block the phantom's attack.
You barely miss the phantom. Your headbutt misses the phantom.
The phantom is severely damaged.
You block the phantom's attack. The ogre hits you with a +0 giant club.
You die...
Kikubaaqudgha rasps: "You have failed me!
Welcome... death!"

##############
<.........>..#
############.##
#..####
##...@####### ..
# ####WO...)..
.. .. #.....##.
.# ... #.....# #
.... #.....# .#
.....##.....#..#
#..........#
#........###
#.##.....#


You could see a phantom and an ogre.

Vanquished Creatures
  Sigmund (D:3)
  Pargi (D:3)
  An ogre (D:4)
  A bullfrog (D:3)
  A scorpion (D:4)
  Ijyb (D:3)
  Jessica (D:2)
  Terence (D:3)
  Natasha (D:3)
  4 adders
  2 dart slugs
  3 orcs
  6 endoplasms
  3 giant cockroaches
  8 hobgoblins
  4 kobolds
  2 quokkas
  3 ball pythons
  2 bats
  2 frilled lizards
  8 goblins
  4 rats (D:2)
60 creatures vanquished.

Vanquished Creatures (others)
  A fungus (D:1)
  A plant (D:1)
2 creatures vanquished.

Grand Total: 62 creatures vanquished

Notes
Turn   | Place    | Note
-------+----------+-------------------------------------------
     0 | D:1      | GigaChad the Minotaur Fighter began the quest for the Orb.
     0 | D:1      | Reached XP level 1. HP: 19/19 MP: 0/0
   126 | D:1      | Found a faded altar of an unknown god.
   139 | D:1      | Prayed at the altar of an unknown god.
   139 | D:1      | Became a worshipper of Kikubaaqudgha
   139 | D:1      | Reached * piety under Kikubaaqudgha
   139 | D:1      | Received a gift from Kikubaaqudgha
   832 | D:1      | Reached skill level 4 in Armour
   933 | D:1      | Reached XP level 2. HP: 27/27 MP: 1/1
  1702 | D:2      | Gained mutation: You expend magic power (3 MP) to
                  | strengthen your wands. [potion of mutation]
  1702 | D:2      | Gained mutation: Your spells are a little harder to cast,
                  | but a little more powerful. [potion of mutation]
  1728 | D:2      | Lost mutation: Your spells are a little harder to cast, but
                  | a little more powerful. [potion of mutation]
  1728 | D:2      | Lost mutation: You expend magic power (3 MP) to strengthen
                  | your wands. [potion of mutation]
  1728 | D:2      | Gained mutation: You are agile. (Dex +2) [potion of
                  | mutation]
  1728 | D:2      | Gained mutation: Your movements are slightly less
                  | encumbered by armour. (ER -2) [potion of mutation]
  1728 | D:2      | Gained mutation: You are occasionally teleported next to
                  | monsters. [potion of mutation]
  1728 | D:2      | Gained mutation: You are strong-willed. (Will+) [potion of
                  | mutation]
  1746 | D:2      | Noticed Jessica
  1761 | D:2      | Killed Jessica
  1762 | D:2      | Reached XP level 3. HP: 19/33 MP: 2/2
  2500 | D:3      | Noticed Pargi
  2500 | D:3      | Noticed a bullfrog
  2567 | D:3      | Noticed Natasha
  2572 | D:3      | Killed Natasha
  2573 | D:3      | Reached XP level 4. HP: 40/40 MP: 3/3
  2971 | D:3      | Reached ** piety under Kikubaaqudgha
  2974 | D:3      | Noticed Terence
  2993 | D:3      | Killed Terence
  2994 | D:3      | Reached skill level 5 in Armour
  3000 | D:3      | Reached XP level 5. HP: 34/46 MP: 4/4
  3020 | D:3      | Reached skill level 1 in Dodging
  3086 | D:3      | Noticed Ijyb
  3103 | D:3      | Killed Ijyb
  3323 | D:3      | Killed Pargi
  3324 | D:3      | Reached XP level 6. HP: 37/55 MP: 5/5
  3617 | D:3      | Noticed Sigmund
  3625 | D:3      | Killed Sigmund
  3626 | D:3      | Reached skill level 5 in Fighting
  3626 | D:3      | Reached skill level 5 in Long Blades
  3952 | D:4      | Reached skill level 6 in Armour
  3952 | D:4      | Reached XP level 7. HP: 31/61 MP: 6/6
  4139 | D:4      | Reached skill level 5 in Shields
  4153 | D:4      | HP: 2/61 [phantom (2)]
  4158 | D:4      | Slain by an ogre

Illustrated notes

Levels and vault maps discovered:
D:1:      saegor_arrival_simple_e, layout_basic,
          dreamdust_ecumenical_altar_hidden_monk_grotto, serial_forest,
          infiniplex_forest_clump_cross, infiniplex_forest_clump_small,
          infiniplex_forest_clump_curved, infiniplex_forest_lined_room_3,
          infiniplex_forest_clump_tiny
D:2:      minmay_diamond_boxcup, layout_basic, uniq_jessica
D:3:      layout_loops_cross, kennysheep_small_spiral,
          chequers_serial_rivers_micro_a, uniq_pargi, uniq_natasha,
          uniq_sigmund, uniq_terence, uniq_ijyb
D:4:      layout_rooms, hangedman_abyss_or_decor_stabs

Skill      XL: |  1  2  3  4  5  6  7 |
---------------+----------------------+-----
Armour         | 4 5 6 |  6.2
Shields        | 4 5 |  5.0
Fighting       | 4 5 |  5.3
Long Blades    | 3 4 5 |  5.9
Dodging        | 1 2 |  2.0
Stealth        | |  0.2

Action                   |  1- 3 |  4- 6 |  7- 9 || total
-------------------------+-------+-------+-------++-------
Melee: Long sword        |    58 |    88 |    25 ||   171
       Headbutt          |     9 |    15 |     5 ||    29
Evoke: Wand              |       |       |     1 ||     1
  Use: Scroll            |     2 |       |       ||     2
       Potion            |     2 |       |       ||     2
Armor: Scale mail        |    21 |       |       ||    21
       Chain mail        |     2 |    64 |    11 ||    77
Dodge: Dodged            |    40 |    51 |     3 ||    94
Block: Buckler           |    18 |    26 |     2 ||    46
       Tower shield      |       |       |    22 ||    22
